 Dungeon Crawl Stone Soup version 0.20.0-15-g7f486f2 (webtiles) character file.

1131 Ios the Covert (level 8, 0/36 HPs)
             Began as a Spriggan Enchanter on June 11, 2017.
             Was an Initiate of Dithmenos.
             Killed from afar by an orc wizard (10 damage)
             ... with a puff of frost
             ... on level 6 of the Dungeon.
             The game lasted 00:17:56 (7993 turns).

Ios the Covert (Spriggan Enchanter)                 Turns: 7993, Time: 00:17:57

Health: 0/36       AC:  2    Str:  5    XL:     8   Next: 13%
Magic:  17/26      EV: 18    Int: 18    God:    Dithmenos [......]
Gold:   311        SH:  0    Dex: 16    Spells: 6/18 levels left

rFire    + . .     SeeInvis +   a - +4 dagger
rCold    . . .     Gourm    .   (shield restricted)
rNeg     . . .     Faith    .   A - +0 robe {rF+}
rPois    .         Spirit   .   (helmet restricted)
rElec    .         Reflect  .   (no cloak)
rCorr    .         Harm     .   (gloves unavailable)
MR       +....                  (boots unavailable)
Stlth    +++++.....             (no amulet)
Regen    0.2/turn               k - ring of magical power
MPRegen  0.2/turn               n - +3 ring of slaying

@: very slightly contaminated, very quick
A: unfitting armour, see invisible, herbivore 3, speed 3, slow metabolism 2
a: Renounce Religion


You were on level 6 of the Dungeon.
You worshipped Dithmenos.
Dithmenos was noncommittal.
You were not hungry.

You visited 2 branches of the dungeon, and saw 7 of its levels.
You also visited: Sewer.

You collected 311 gold pieces.

Inventory:

Hand Weapons
 a - a +4 dagger (weapon)
 l - a +0 rapier
 t - a +1 short sword of venom
Missiles
 j - 3 throwing nets (quivered)
Armour
 A - a +0 robe of fire resistance (worn)
Jewellery
 h - an uncursed ring of resist corrosion
 i - an uncursed ring of magical power
 k - a ring of magical power (left hand)
 n - a +3 ring of slaying (right hand)
Wands
 x - a wand of confusion (22/48)
 y - a wand of lightning (3/15)
 z - a wand of polymorph (9/24)
Scrolls
 c - a scroll of teleportation
 m - 2 scrolls of amnesia
 q - 3 scrolls of remove curse
 v - a scroll of identify
Potions
 b - a potion of flight
 e - 2 potions of agility
 f - 2 potions of lignification
 o - 6 potions of heal wounds
 p - 3 potions of might
 r - 5 potions of curing
 s - 2 potions of brilliance
 w - a potion of magic
Comestibles
 d - 3 bread rations
 g - 5 royal jellies


   Skills:
 - Level 1.1 Short Blades
 - Level 3.0 Dodging
 + Level 12.2 Stealth
 - Level 5.6 Spellcasting
 - Level 6.1 Hexes


You had 6 spell levels left.
You knew the following spells:

 Your Spells              Type           Power        Failure   Level  Hunger
a - Ensorcelled Hibernat  Hex/Ice        ###...       5%          2    None
b - Corona                Hex            ####...      1%          1    None
c - Confuse               Hex            ####....     3%          3    ##.....
d - Tukima's Dance        Hex            ####....     3%          3    ##.....
e - Dazzling Spray        Conj/Hex       ###...       11%         3    ##.....


Dungeon Overview and Level Annotations

Branches:
Dungeon (6/15)             Temple (1/1) D:5

Altars:
Cheibriados
Dithmenos
Elyvilon
Fedhas
Gozag
Hepliaklqana
Kikubaaqudgha
Makhleb
Okawaru
Qazlal
Ru
Trog
Uskayaw
Vehumet
Yredelemnul
Zin
The Shining One
Lugonu


Innate Abilities, Weirdness & Mutations

You are very small and have problems with some larger weapons.
You are too small for most types of armour.
You have supernaturally acute eyesight. (SInv)
You are a herbivore.
You cover ground extremely quickly.
You need consume almost no food.


Message History

The orc wizard is moderately wounded.
The orc wizard is dazzled.
The orc barely misses you.
The orc wizard gestures at you while chanting.
The puff of frost misses you.
The orc hits you with an enchanted mace!
* * * LOW HITPOINT WARNING * * *
You hit the orc.
You kill the orc!
Dithmenos accepts your kill. The orc misses you.
You are too injured to fight recklessly!
Casting: Dazzling Spray
Confirm with . or Enter, or press ? or * to list all spells.
Aiming: Tukima's Dance
Press: ? - help, Shift-Dir - straight line, f - orc
Aim: an orc, wielding a trident and wearing a ring mail (chance to defeat MR: 81%)
The trident dances into the air!
The orc wizard gestures at you while chanting.
The puff of frost hits you!
You die...

+...#.)#[.)#.##....
#. #..##.##.######
#........##....
####+##.....#####....
#....(#####.# #....
#...........# ###.#
#..........## #.#
#.........## #.<
####@###### #..
.....o.)# #..
######.o. ##.. #.(..
#... ...... #...
........ #...
......... ##'#
........... #.# #.#


You could see an orc wizard (blind), an orc and a friendly trident.

Vanquished Creatures
  A water moccasin (D:5)
  A sky beast (D:6)
  An ogre (D:5)
  A phantom (D:5)
  A centaur (D:6)
  2 howler monkeys
  2 crimson imps
  An orc priest (D:5)
  3 hounds
  3 worker ants
  Ijyb (D:4)
  2 orc wizards (D:5)
  7 adders
  6 river rats (Sewer)
  A shadow imp (D:6)
  An ooze (Sewer)
  4 worms (D:2)
  2 dart slugs
  8 leopard geckos
  8 orcs
  4 ball pythons
  4 giant cockroaches
  7 goblins
  5 hobgoblins
  7 jackals
  19 kobolds
  2 quokkas
  A ball python skeleton (D:4)
  9 bats
  7 frilled lizards
  25 rats
146 creatures vanquished.

Vanquished Creatures (others)
  The ghost of GordonOverkill the Chopper, a novice MiIE of Xom (D:5)
  An orc (D:5)
2 creatures vanquished.

Grand Total: 148 creatures vanquished

Notes
Turn   | Place    | Note
-------+----------+-------------------------------------------
     0 | D:1      | Ios the Spriggan Enchanter began the quest for the Orb.
     0 | D:1      | Reached XP level 1. HP: 9/9 MP: 5/5
   464 | D:1      | Reached XP level 2. HP: 9/13 MP: 7/7
   468 | D:1      | Learned a level 2 spell: Ensorcelled Hibernation
  1523 | D:2      | Reached XP level 3. HP: 16/16 MP: 9/9
  1528 | D:2      | Learned a level 3 spell: Confuse
  1532 | D:2      | Learned a level 3 spell: Tukima's Dance
  2325 | D:2      | Noticed a moth of wrath
  2363 | D:2      | Found a bloodstained altar of Trog.
  2792 | D:3      | Reached skill level 5 in Hexes
  2841 | D:3      | Reached XP level 4. HP: 21/21 MP: 11/11
  3455 | D:4      | Found a sacrificial altar of Ru.
  3543 | D:4      | Found a glowing drain.
  3582 | D:4      | Reached XP level 5. HP: 24/24 MP: 12/13
  3642 | Sewer    | Entered a sewer
  3925 | Sewer    | Reached skill level 5 in Spellcasting
  4869 | D:4      | Reached skill level 5 in Stealth
  4869 | D:4      | Reached XP level 6. HP: 14/28 MP: 15/15
  5449 | D:4      | Noticed Ijyb
  5452 | D:4      | Killed Ijyb
  5452 | D:4      | Reached skill level 6 in Stealth
  5636 | D:4      | Found a burning altar of Makhleb.
  5637 | D:4      | Found a radiant altar of Vehumet.
  5800 | D:5      | Entered Level 5 of the Dungeon
  5800 | D:5      | Noticed a water moccasin
  5812 | D:5      | Killed a water moccasin
  5812 | D:5      | Reached skill level 8 in Stealth
  5824 | D:5      | Reached XP level 7. HP: 19/32 MP: 15/16
  6094 | D:5      | Found a basalt altar of Yredelemnul.
  6208 | D:5      | Found a staircase to the Ecumenical Temple.
  6221 | Temple   | Entered the Ecumenical Temple
  6300 | D:5      | Reached skill level 9 in Stealth
  6461 | D:5      | Reached skill level 10 in Stealth
  6477 | D:5      | Found a hide-covered altar of Uskayaw.
  6496 | D:5      | Learned a level 3 spell: Dazzling Spray
  6670 | D:5      | Noticed GordonOverkill's ghost (novice MiIE)
  6944 | D:5      | Killed GordonOverkill's ghost
  7076 | D:5      | Found a glowing silver altar of Zin.
  7083 | D:5      | Found an iron altar of Okawaru.
  7594 | D:5      | Reached skill level 11 in Stealth
  7841 | D:6      | Reached XP level 8. HP: 36/36 MP: 17/17
  7950 | D:6      | Found a shadowy altar of Dithmenos.
  7956 | D:6      | Reached skill level 12 in Stealth
  7959 | D:6      | Became a worshipper of Dithmenos the Shadowed
  7993 | D:6      | Killed from afar by an orc wizard

Skill      XL: |  1  2  3  4  5  6  7  8 |
---------------+-------------------------+-----
Spellcasting   | 3 4 5 |  5.6
Hexes          | 4 5 6 |  6.1
Stealth        | 5 8 11 12 | 12.2
Short Blades   | |  1.1
Dodging        | |  3.0

Action                   |  1- 3 |  4- 6 |  7- 9 || total
-------------------------+-------+-------+-------++-------
Melee: Dagger            |   162 |   138 |    74 ||   374
       Short sword       |       |    21 |       ||    21
 Cast: Corona            |     3 |       |       ||     3
       Ensorcelled Hiber |    28 |    19 |    10 ||    57
       Confuse           |     5 |    10 |     5 ||    20
       Dazzling Spray    |       |       |     2 ||     2
       Tukima's Dance    |       |       |     1 ||     1
  Use: Scroll            |     4 |     9 |     3 ||    16
       Potion            |       |     2 |     2 ||     4
 Stab: Sleeping          |    23 |    23 |    10 ||    56
       Confused          |     2 |     5 |     2 ||     9
       Distracted        |       |     2 |       ||     2
       Invisible         |       |       |     1 ||     1
  Eat: Fruit             |     3 |     3 |     3 ||     9
Armor: Robe              |     7 |     8 |     3 ||    18
Dodge: Dodged            |   136 |   128 |    56 ||   320
